 Dungeon Crawl Stone Soup version 0.30-a0-567-gf7fd966b4a (webtiles) character file.

Game seed: 7665520106187306697

132 Barriton the Insei (level 4, -5/40 HPs)
             Began as a Draconian Monk on Dec 28, 2022.
             Slain by Crazy Yiuf
             ... wielding a +2 quarterstaff of chaos
              (13 damage)
             ... on level 2 of the Dungeon.
             The game lasted 00:03:00 (1771 turns).

Barriton the Insei (Draconian Monk)                 Turns: 1771, Time: 00:03:01

Health: -5/40      AC:  5    Str: 13    XL:     4   Next: 92%
Magic:  4/4        EV: 13    Int: 10    God:
Gold:   88         SH:  0    Dex: 16    Spells: 3/3 levels left

rFire   . . .      SeeInvis .      - Unarmed
rCold   . . .      Faith    .    (no shield)
rNeg    . . .      Spirit   .    (body armour unavailable)
rPois   .          Reflect  .    (helmet restricted)
rElec   .          Harm     .    (no cloak)
rCorr   .          Rampage  .    (no gloves)
Will    .....                    (no boots)
Stlth   ++                       (no amulet)
HPRegen 0.26/turn                (no ring)
MPRegen 0.09/turn                (no ring)

@: slowed, very slow
A: AC +5, unfitting armour, cold-blooded
a: no special abilities


You were on level 2 of the Dungeon.
You visited 1 branch of the dungeon, and saw 2 of its levels.

You collected 88 gold pieces.

Inventory:

Armour
 e - a +0 hat
Potions
 a - a potion of ambrosia
 b - a potion of cancellation
 d - 4 potions of curing
 h - a potion of haste {unknown}
 i - 2 potions of degeneration
 j - a potion of mutation {unknown}
 l - a potion of heal wounds {unknown}


   Skills:
 + Level 3.7 Fighting
 + Level 3.7 Dodging
 + Level 2.3 Stealth
 + Level 4.3 Unarmed Combat


You had 3 spell levels left.
You didn't know any spells.
Your spell library was empty.

Dungeon Overview and Level Annotations

Branches:
Dungeon (2/15)

Altars:

Annotations:
D:2 Crazy Yiuf


Innate Abilities, Weirdness & Mutations

Your plain brown scales are hard. (AC +5)
You cannot fit into any form of body armour.
You are cold-blooded and may be slowed by cold attacks.


Message History

Natasha is heavily wounded.
You closely miss Natasha.
Natasha is heavily wounded.
Natasha claws you.
You hit Natasha.
You tail-slap Natasha, but do no damage.
Natasha is almost dead.
Natasha claws you but does no damage.
You closely miss Natasha.
Natasha is almost dead.
Natasha misses you.
You barely miss Natasha.
Natasha is almost dead.
Natasha completely misses you.
You hit Natasha.
You kill Natasha!
You feel Natasha's spirit has finally been put to rest.
There is a stone staircase leading down here.
You see here 3 stones.
Found a stone staircase leading up.
Found 3 stones.
You see here 5 stones.
You see here 5 stones.
You see here a bat skeleton.
You open the door.
There is an open translucent door here.
You completely miss Crazy Yiuf.
Crazy Yiuf laughs, "Tosser!"
Crazy Yiuf hits you with a +2 quarterstaff of chaos!
Crazy Yiuf freezes you.
You completely miss Crazy Yiuf. Crazy Yiuf barely misses you.
You closely miss Crazy Yiuf.
You tail-slap Crazy Yiuf, but do no damage.
Crazy Yiuf hits you with a +2 quarterstaff of chaos!
* * * LOW HITPOINT WARNING * * *
You feel yourself slow down. Crazy Yiuf freezes you.
* * * LOW HITPOINT WARNING * * *
You closely miss Crazy Yiuf.
Your tail-slap misses Crazy Yiuf.
Crazy Yiuf hits you with a +2 quarterstaff of chaos!
You die...

♣....♣ #.....###...
♣...♣♣ ####..# #.##
♣♣.♣♣ #.....###.#
♣.♣♣ #..###..÷.#
♣♣.♣ #..# ####.##
♣.♣♣ #..#####.#.#
♣♣.♣ #..>...(###.
##'## ########.#.#
#.@.# #####.## #.g.#
#.....# #..)#
#.##### ##### #.#
#####.#
###########.....#
####.#..........##.#
#....#.####........#
#.####.# #..##.##.#


You could see Crazy Yiuf.

Vanquished Creatures
  Natasha (thrice) (D:2)
  An adder (D:2)
  A worm (D:2)
  A dart slug (D:1)
  2 bats
  7 endoplasms
  2 giant cockroaches (D:2)
  6 hobgoblins
  6 jackals (D:1)
  3 quokkas (D:1)
  5 ball pythons
  2 frilled lizards (D:1)
  2 kobolds
  5 rats
46 creatures vanquished.

Notes
Turn   | Place    | Note
-------+----------+-------------------------------------------
     0 | D:1      | Barriton the Draconian Monk began the quest for the Orb.
     0 | D:1      | Reached XP level 1. HP: 19/19 MP: 1/1
   179 | D:1      | Reached XP level 2. HP: 23/26 MP: 2/2
   538 | D:1      | Reached XP level 3. HP: 25/31 MP: 3/3
   903 | D:2      | Noticed Natasha
   914 | D:2      | Killed Natasha
   995 | D:2      | Reached XP level 4. HP: 39/39 MP: 4/4
  1380 | D:2      | Noticed Natasha
  1391 | D:2      | Killed Natasha
  1392 | D:2      | Reached skill level 4 in Unarmed Combat
  1508 | D:2      | Found a runed translucent door.
  1509 | D:2      | Noticed Crazy Yiuf
  1537 | D:2      | Noticed Natasha
  1548 | D:2      | Killed Natasha
  1771 | D:2      | Slain by Crazy Yiuf

Illustrated notes

Levels and vault maps discovered:
D:1:      psy_arrival_fountain, layout_basic
D:2:      layout_loops_ring, uniq_natasha, uniq_crazy_yiuf_cottage

Skill      XL: |  1  2  3  4 |
---------------+-------------+-----
Dodging        | 3 |  3.7
Stealth        | 2 |  2.3
Unarmed Combat | 4 |  4.3
Fighting       | |  3.7

Action                   |  1- 3 |  4- 6 || total
-------------------------+-------+-------++-------
Melee: Unarmed           |   139 |    51 ||   190
       Tailslap          |    15 |     7 ||    22
       Punch             |     2 |     1 ||     3
  Use: Scroll            |     6 |     1 ||     7
 Stab: Sleeping          |     2 |     2 ||     4
Armor: Skin              |    41 |     7 ||    48
Dodge: Dodged            |    98 |    23 ||   121

Table legend: (Time is in decaauts)
 A = Elapsed time spent in this place.
 B = Non-inter-level travel time spent in this place.
 C = Inter-level travel time spent in this place.
 D = Time resting spent in this place.
 E = Time spent auto-exploring this place.
 F = Levels seen in this place.
 G = Mean time per level.
                   A        B        C        D        E       F      G
               +--------+--------+--------+--------+--------+-----+--------+
         Total |   1759 |   1734 |     25 |      0 |   1381 |   2 |  879.5 |
       Dungeon |   1759 |   1734 |     25 |      0 |   1381 |   2 |  879.5 |
               +--------+--------+--------+--------+--------+-----+--------+

Top non-repeatable levels by time:
     D:2: 999 daAuts
     D:1: 760 daAuts
